 Dungeon Crawl Stone Soup version 0.17.1-3-g152610e (webtiles) character file.

53 Gargoyl the Skirmisher (level 3, -2/29 HPs)
             Began as a Demonspawn Abyssal Knight on Apr 19, 2016.
             Was a Follower of Lugonu.
             Slain by Natasha (6 damage)
             ... on level 2 of the Dungeon.
             The game lasted 00:02:48 (1948 turns).

Gargoyl the Skirmisher (Demonspawn Abyssal Knight)  Turns: 1948, Time: 00:02:48

Health: -2/29      AC:  6    Str: 13    XL:     3   Next: 64%
Magic:  5/5        EV: 13    Int: 13    God:    Lugonu [*.....]
Gold:   153        SH:  4    Dex: 21    Spells: 0 memorised, 2 levels left

rFire  . . .     SeeInvis .     a - +1 hand axe
rCold  . . .     Clarity  .     d - +0 scale mail
rNeg   . . .     SustAt   .     m - +0 buckler (curse)
rPois  .         Gourm    .     (no helmet)
rElec  .         Spirit   .     (no cloak)
rCorr  .         Warding  .     (no gloves)
rMut   .         Stasis   .     (no boots)
MR     .....                    (no amulet)
Stlth  +++.......               (no ring)
                                f - +4 ring of dexterity

@: agile, slowed, very slow, not resistant to hostile enchantments, fairly
stealthy
A: talons 1, nightstalker 1
a: Depart the Abyss, Renounce Religion


You were on level 2 of the Dungeon.
You worshipped Lugonu.
Lugonu was aware of your devotion.
You were hungry.

You visited 1 branch of the dungeon, and saw 2 of its levels.
You visited the Abyss 1 time.

You collected 153 gold pieces.

Inventory:

Hand Weapons
 a - a +1 hand axe (weapon)
Armour
 d - a +0 scale mail (worn)
 m - a cursed +0 buckler (worn)
Jewellery
 f - a +4 ring of dexterity (left hand)
Scrolls
 b - 3 scrolls of remove curse {unknown}
 e - a scroll of immolation {unknown}
 g - a scroll of amnesia {unknown}
 h - 3 scrolls of magic mapping {unknown}
 j - a scroll of fear {unknown}
 n - a scroll of teleportation {unknown}
 o - a scroll of recharging {unknown}
Comestibles
 c - 2 bread rations
 l - 2 fruits


   Skills:
 + Level 3.6 Fighting
 + Level 2.1 Axes
 * Level 2.5 Armour
 + Level 1.0 Dodging
 + Level 0.4 Stealth
 + Level 2.7 Invocations


You had 2 spell levels left.
You didn't know any spells.

Dungeon Overview and Level Annotations

Branches:
Dungeon (2/15)

Altars:
Makhleb
Nemelex Xobeh
Ru

Annotations:
D:2 Natasha


Innate Abilities, Weirdness & Mutations

You have sharp toenails.
You are slightly more attuned to the shadows.


Message History

The iron imp hits you but does no damage.
You hit Natasha.
Natasha is severely wounded.
You hit the iron imp but do no damage.
The iron imp is heavily wounded.
Natasha stares at you and mumbles some strange words.
You feel yourself slow down. The iron imp misses you.
Unknown command.
Your shield and scale mail prevent you from hitting Natasha.
Natasha is severely wounded.
You hit the iron imp.
The iron imp is severely wounded.
The iron imp disappears in a puff of smoke!
Natasha casts a spell at you. The magic dart hits you!
* * * LOW HITPOINT WARNING * * *
Natasha mumbles some strange words.
Natasha shimmers violently.
Natasha claws you.
You die...

#...####.......#
######.........#
#.######### #.#
#.# #.# ####♣
#.##.....
#.#...?..
#.@h.≈≈≈.
#..§≈≈≈≈≈
#...≈≈♣≈≈
##..≈≈≈≈
#...≈≈≈.
##)..... #.....


You could see Natasha.

Vanquished Creatures
  2 adders (D:2)
  2 worms
  4 bats
  3 giant cockroaches
  2 hobgoblins
  3 jackals (D:2)
  A giant gecko (D:2)
  2 giant newts (D:1)
  3 goblins
  4 kobolds
  5 rats
31 creatures vanquished.

Notes
Turn   | Place    | Note
--------------------------------------------------------------
     0 | Abyss:1  | Gargoyl the Demonspawn Abyssal Knight began the quest for the Orb.
     0 | Abyss:1  | Reached XP level 1. HP: 18/18 MP: 2/2
    27 | Abyss:2  | Found a corrupted altar of Lugonu.
    51 | Abyss:2  | Noticed a wretched star
    52 | D:1      | Escaped the Abyss
   299 | D:1      | Reached * piety under Lugonu
   447 | D:1      | Gained mutation: You have sharp toenails. [demonic ancestry]
   447 | D:1      | Reached XP level 2. HP: 24/24 MP: 3/3
  1064 | D:2      | Reached skill level 1 in Dodging
  1220 | D:2      | Gained mutation: You are slightly more attuned to the shadows. [demonic ancestry]
  1220 | D:2      | Reached XP level 3. HP: 16/29 MP: 5/5
  1414 | D:2      | Found a sparkling altar of Nemelex Xobeh.
  1448 | D:2      | Found a burning altar of Makhleb.
  1448 | D:2      | Found a sacrificial altar of Ru.
  1931 | D:2      | Noticed Natasha
  1948 | D:2      | Slain by Natasha

Action                   || total
-------------------------++-------
Melee: Hand axe          ||   110
Invok: Depart the Abyss  ||     1
  Use: Potion            ||     2
  Eat: Chunk             ||     3
